% Time on Ice - VICTORIA GLADIATORS
Lines # - Real PCT - Wanted PCT - Time Play
Normal Forward
1 - 34% - 36% - 17:17
2 - 32% - 33% - 16:24
3 - 22% - 24% - 11:10
4 - 11% - 7% - 5:39
Normal Defense
1 - 39% - 40% - 19:31
2 - 34% - 35% - 17:17
3 - 25% - 25% - 12:37
4 - 2% - 0% - 1:05
PP Forward
1 - 44% - 55% - 0:52
2 - 56% - 45% - 1:07
PP Defense
1 - 44% - 55% - 0:52
2 - 56% - 45% - 1:07
PK Forward
1 - 58% - 55% - 2:47
2 - 42% - 45% - 2:00
PK Defense
1 - 44% - 55% - 2:05
2 - 56% - 45% - 2:42
PK3 Forward
1 - 0% - 55%
2 - 0% - 45%
PK3 Defense
1 - 0% - 55%
2 - 0% - 45%
44 Forward
1 - 64% - 52% - 1:16
2 - 36% - 48% - 0:43
44 Defense
1 - 36% - 52% - 0:43
2 - 64% - 48% - 1:16
Last Minute Offensive  - 0:00
Last Minute Defensive  - 0:45
Total
Forward - 60:00
Defense - 60:00
% Time on Ice - CALGARY FIREMEN
Lines # - Real PCT - Wanted PCT - Time Play
Normal Forward
1 - 32% - 33% - 16:15
2 - 32% - 32% - 16:03
3 - 27% - 25% - 13:37
4 - 9% - 10% - 4:46
Normal Defense
1 - 32% - 33% - 16:26
2 - 30% - 32% - 15:15
3 - 32% - 25% - 16:17
4 - 5% - 10% - 2:43
PP Forward
1 - 51% - 50% - 2:27
2 - 49% - 50% - 2:20
PP Defense
1 - 53% - 50% - 2:32
2 - 47% - 50% - 2:15
PK Forward
1 - 55% - 50% - 1:06
2 - 45% - 50% - 0:53
PK Defense
1 - 100% - 70% - 1:59
2 - 0% - 30% - 0:00
PK3 Forward
1 - 0% - 50%
2 - 0% - 50%
PK3 Defense
1 - 0% - 50%
2 - 0% - 50%
44 Forward
1 - 70% - 50% - 1:23
2 - 30% - 50% - 0:36
44 Defense
1 - 30% - 50% - 0:36
2 - 70% - 50% - 1:23
Last Minute Offensive  - 0:34
Last Minute Defensive  - 0:00
Total
Forward - 60:00
Defense - 60:00
Play-by-Play 1st period 0:01 of 1st period - Anze Kopitar wins face-off versus Ryan Johansen in neutral zone. 0:12 of 1st period - Shot by Tyler Toffoli. 0:12 of 1st period - Shot Blocked by Filip Forsberg. 0:43 of 1st period - Icing by Colton Parayko. 0:44 of 1st period - Adam Henrique wins face-off versus Anze Kopitar in VICTORIA GLADIATORS zone. 1:18 of 1st period - Icing by Adam Henrique. 1:19 of 1st period - Adam Henrique wins face-off versus Barclay Goodrow in CALGARY FIREMEN zone. 1:29 of 1st period - Off-side. 1:30 of 1st period - Jack Drury wins face-off versus Adam Lowry in neutral zone. 2:30 of 1st period - Shot by Barclay Goodrow. 2:30 of 1st period - Goal by Barclay Goodrow - VICTORIA GLADIATORS : 1 - CALGARY FIREMEN : 0. 2:31 of 1st period - Ryan Johansen wins face-off versus Barclay Goodrow in neutral zone. 2:34 of 1st period - Shot by Filip Forsberg. 2:34 of 1st period - Deflect By Ryan Johansen. 2:34 of 1st period - Shot Blocked by Justin Holl. 2:45 of 1st period - Icing by Gustav Forsling. 2:46 of 1st period - Ryan Johansen wins face-off versus Kevin Rooney in CALGARY FIREMEN zone. 3:03 of 1st period - Shot by Kevin Rooney. 3:03 of 1st period - Shot Misses the Net. 3:05 of 1st period - Shot by Victor Rask. 3:05 of 1st period - Stopped by Carey Price without a rebound. 3:06 of 1st period - Adam Henrique wins face-off versus Barclay Goodrow in CALGARY FIREMEN zone. 3:06 of 1st period - Adam Henrique is hit by Johan Larsson. 3:27 of 1st period - Icing by Adam Henrique. 3:28 of 1st period - Anze Kopitar wins face-off versus Adam Henrique in CALGARY FIREMEN zone. 3:29 of 1st period - Shot by Kyle Connor. 3:29 of 1st period - Deflect By Anze Kopitar. 3:29 of 1st period - Goal by Anze Kopitar - VICTORIA GLADIATORS : 2 - CALGARY FIREMEN : 0. 3:30 of 1st period - Brett Howden wins face-off versus Anze Kopitar in neutral zone. 3:32 of 1st period - Carl Grundstrom is hit by Patrik Nemeth and loses puck. 3:56 of 1st period - Shot by Kyle Connor. 3:56 of 1st period - Stopped by Carey Price with a rebound. 4:06 of 1st period - Shot by Kyle Connor. 4:06 of 1st period - Stopped by Carey Price without a rebound. 4:07 of 1st period - Jack Drury wins face-off versus Barclay Goodrow in CALGARY FIREMEN zone. 4:29 of 1st period - Gustav Forsling is hit by Barclay Goodrow and loses puck. 4:42 of 1st period - Shot by Mattias Janmark-Nylen. 4:42 of 1st period - Deflect By Oskar Lindblom. 4:42 of 1st period - Stopped by Charlie Lindgren without a rebound. 4:43 of 1st period - Adam Henrique wins face-off versus Adam Lowry in VICTORIA GLADIATORS zone. 4:43 of 1st period - Sonny Milano is hit by Anton Stralman and loses puck. 4:49 of 1st period - Icing by Adam Lowry. 4:50 of 1st period - Adam Lowry wins face-off versus Ryan Johansen in VICTORIA GLADIATORS zone. 5:02 of 1st period - Icing by Shayne Gostisbehere. 5:03 of 1st period - Ryan Johansen wins face-off versus Kevin Rooney in CALGARY FIREMEN zone. 5:12 of 1st period - Shot by Ryan Johansen. 5:12 of 1st period - Stopped by Charlie Lindgren without a rebound. 5:13 of 1st period - Barclay Goodrow wins face-off versus Adam Henrique in VICTORIA GLADIATORS zone. 5:24 of 1st period - Shot by Adam Henrique. 5:24 of 1st period - Stopped by Charlie Lindgren without a rebound. 5:25 of 1st period - Ryan Johansen wins face-off versus Kyle Connor in VICTORIA GLADIATORS zone. 5:54 of 1st period - Shot by Ryan Johansen. 5:54 of 1st period - Stopped by Charlie Lindgren without a rebound. 5:55 of 1st period - Adam Lowry wins face-off versus Sonny Milano in VICTORIA GLADIATORS zone. 6:12 of 1st period - Shot by Colton Parayko. 6:12 of 1st period - Stopped by Carey Price without a rebound. 6:13 of 1st period - Barclay Goodrow wins face-off versus Mattias Janmark-Nylen in CALGARY FIREMEN zone. 6:17 of 1st period - Kasperi Kapanen is hit by Justin Braun and loses puck. 6:20 of 1st period - Shot by Kasperi Kapanen. 6:20 of 1st period - Stopped by Carey Price with a rebound. 6:22 of 1st period - Shot by Barclay Goodrow. 6:22 of 1st period - Stopped by Carey Price without a rebound. 6:23 of 1st period - Adam Lowry wins face-off versus Adam Henrique in CALGARY FIREMEN zone. 6:41 of 1st period - Connor Brown is hit by Jake McCabe and loses puck. 6:47 of 1st period - Alex Newhook is hit by Jake McCabe. 7:21 of 1st period - Shot by Johan Larsson. 7:21 of 1st period - Goal by Johan Larsson - VICTORIA GLADIATORS : 3 - CALGARY FIREMEN : 0. 7:22 of 1st period - Jack Drury wins face-off versus Barclay Goodrow in neutral zone. 7:47 of 1st period - Shot by Kasperi Kapanen. 7:47 of 1st period - Stopped by Carey Price without a rebound. 7:48 of 1st period - Anze Kopitar wins face-off versus Ryan Johansen in CALGARY FIREMEN zone. 7:59 of 1st period - Shot by Tyler Toffoli. 7:59 of 1st period - Stopped by Carey Price without a rebound. 8:00 of 1st period - Brett Howden wins face-off versus Nils Hoglander in CALGARY FIREMEN zone. 8:00 of 1st period - Brett Howden is hit by Kevin Rooney. 8:23 of 1st period - Shot by Victor Rask. 8:23 of 1st period - Stopped by Carey Price without a rebound. 8:24 of 1st period - Ryan Johansen wins face-off versus Anze Kopitar in CALGARY FIREMEN zone. 8:24 of 1st period - Ryan Johansen is hit by Anze Kopitar. 8:31 of 1st period - Jakob Silfverberg is hit by Anze Kopitar and loses puck. 8:41 of 1st period - Ryan Johansen is hit by Patrik Nemeth and loses puck. 8:58 of 1st period - Icing by Justin Braun. 8:59 of 1st period - Ryan Johansen wins face-off versus Barclay Goodrow in CALGARY FIREMEN zone. 9:06 of 1st period - Justin Holl is hit by Filip Forsberg and loses puck. 9:35 of 1st period - Shot by Oskar Lindblom. 9:35 of 1st period - Stopped by Charlie Lindgren without a rebound. 9:36 of 1st period - Anze Kopitar wins face-off versus Adam Henrique in VICTORIA GLADIATORS zone. 9:51 of 1st period - Shot by Kyle Connor. 9:51 of 1st period - Shot Misses the Net. 10:13 of 1st period - Colton Parayko is hit by Andreas Athanasiou and loses puck. 10:54 of 1st period - Shot by Mattias Janmark-Nylen. 10:54 of 1st period - Shot Misses the Net. 11:08 of 1st period - Shot by Oskar Lindblom. 11:08 of 1st period - Shot Misses the Net. 11:27 of 1st period - Minor Penalty to Barclay Goodrow for Hooking. 11:28 of 1st period - Adam Lowry wins face-off versus Ryan Johansen in VICTORIA GLADIATORS zone. 11:45 of 1st period - Shot by Shayne Gostisbehere. 11:45 of 1st period - Shot Blocked by Jamie Drysdale. 11:57 of 1st period - Shot by Filip Forsberg. 11:57 of 1st period - Deflect By Ryan Johansen. 11:57 of 1st period - Shot Blocked by Jamie Drysdale. 12:41 of 1st period - Icing by Alex Goligoski. 12:42 of 1st period - Kevin Rooney wins face-off versus Adam Henrique in CALGARY FIREMEN zone. 13:43 of 1st period - Shot by Justin Braun. 13:43 of 1st period - Stopped by Charlie Lindgren with a rebound. 13:57 of 1st period - Shot by Kasperi Kapanen. 13:57 of 1st period - Shot Misses the Net. 13:59